 Dungeon Crawl Stone Soup version 0.30.0-19-g36f170ea60 (webtiles) character file.

Game seed: 6716474861260688343

615 monsoonserge the Magician (level 7, -7/46 HPs)
             Began as a Djinni Venom Mage on May 31, 2023.
             Mangled by Edmund
             ... wielding a +1 flail of protection
              (12 damage)
             ... on level 5 of the Dungeon.
             The game lasted 00:22:43 (4547 turns).

monsoonserge the Magician (Djinni Venom Mage)       Turns: 4547, Time: 00:22:43

Health: -7/46      AC:  4    Str:  7    XL:     7   Next: 73%
Gold:   72         EV: 12    Int: 18    God:
                   SH:  0    Dex: 14

rFire   + + .        b - +0 dagger
rCold   x . .        (no shield)
rNeg    . . .        f - +0 leather armour
rPois   ∞            q - +1 hat
rElec   .            d - scarf {shadows}
rCorr   .            (no gloves)
SInv    +            (boots unavailable)
Will    .....        n - amulet of regeneration
Stlth   ++           p - ring of see invisible
HPRegen 1.07/turn    (no ring)
MPRegen 0.00/turn

%: infuse magic (-8 HP)
@: flying
A: sickness immunity, fire resistance 2, cold vulnerability 1, float, innate
caster, HP casting, extra vitality 1
a: no special abilities


You were on level 5 of the Dungeon.
You visited 1 branch of the dungeon, and saw 5 of its levels.
You also visited: Sewer.

You collected 156 gold pieces.
You spent 84 gold pieces at shops.

Inventory:

Hand Weapons
 b - a +0 dagger (weapon)
Missiles
 g - 2 javelins
 o - 5 poisoned darts
Armour
 d - a scarf of shadows (worn)
 f - a +0 leather armour (worn)
 k - a +0 ring mail
 q - a +1 hat (worn)
Jewellery
 n - an amulet of regeneration (around neck)
 p - a ring of see invisible (left hand)
Scrolls
 c - 3 scrolls of fear
 h - a scroll of fog {unknown}
 j - 4 scrolls of identify {unknown}
 t - a scroll of poison {unknown}
 u - a scroll of immolation {unknown}
 w - a scroll of teleportation
Potions
 a - 2 potions of brilliance {unknown}
 e - a potion of berserk rage {unknown}
 i - 2 potions of curing
 l - a potion of degeneration {unknown}
 m - a potion of invisibility {unknown}
 r - 3 potions of magic {unknown}
 s - 2 potions of mutation {unknown}
 v - a potion of haste {unknown}


   Skills:
 + Level 0.6 Fighting
 + Level 0.7 Short Blades
 * Level 2.6 Armour
 + Level 2.5 Dodging
 - Level 2.0 Stealth
 * Level 5.7 Spellcasting


You knew the following spells:

 Your Spells              Type           Power      Damage    Failure   Level
a - Sting                 Tmut/Pois      100%       1d8       1%          1
b - Poisonous Vapours     Pois/Air       50%        N/A       2%          2
c - Mephitic Cloud        Conj/Pois/Air  25%        N/A       4%          3
d - Olgreb's Toxic Radia  Pois           25%        N/A       17%         4
e - Necrotise             Necr           100%       1d9       1%          1
f - Searing Ray           Conj           50%        2d6       2%          2
g - Static Discharge      Conj/Air       50%        2-5/arc   2%          2
Your spell library was empty.

Dungeon Overview and Level Annotations

Branches:
Dungeon (5/15)              Sewer (visited)
 Temple: D:4-7

Altars:
Dithmenos
Makhleb

Shops:
D:4 [:[?(

Annotations:
D:3 2 transporters, Irreverend's ghost, amateur DECj
D:5 Edmund


Innate Abilities, Weirdness & Mutations

You are immune to sickness and miasma.
You are immune to poison.
Your flesh is very heat resistant. (rF++)
You are vulnerable to cold. (rC-)
You float through the air rather than walking.
You learn spells naturally, not from books.
Your magical power is your life essence.
You have superior vitality. (+4 MHP)


Message History

You can't see any item there.
The searing ray hits the phantom.
The phantom is moderately damaged. (Press . to maintain the ray.)
The phantom misses you.
The searing ray misses the phantom.
The phantom hits you.
* * * LOW HITPOINT WARNING * * *
Edmund the Younger comes into view.
He is wielding a +1 flail of protection.
The searing ray hits the phantom!
The phantom is heavily damaged.
* * * LOW HITPOINT WARNING * * *
Edmund shouts!
You hear a shout!
The phantom hits you.
* * * LOW HITPOINT WARNING * * *
The searing ray hits the phantom.
The phantom is severely damaged.
* * * LOW HITPOINT WARNING * * *
You finish channelling your searing ray.
The phantom barely misses you.
You aren't carrying any items that you can evoke.
Casting: Searing Ray (safe; 2% risk of failure)
Confirm with . or Enter, or press ? or * to list all spells.
Aiming: Searing Ray (safe; 2% risk of failure)
Press: ? - help, Shift-Dir - straight line, f/p - phantom
Aim: a phantom (severely damaged, 71% to hit)
The searing ray misses the phantom. (Press . to maintain the ray.)
* * * LOW HITPOINT WARNING * * *
The phantom hits you.
* * * LOW HITPOINT WARNING * * *
The searing ray hits the phantom!
The phantom is almost destroyed.
* * * LOW HITPOINT WARNING * * *
The phantom barely misses you.
The searing ray hits the phantom!
You destroy the phantom!
* * * LOW HITPOINT WARNING * * *
Something unseen opens the door.
Edmund hits you with a +1 flail of protection!
You die...

..........).....
................
#####...##<......
#..##...##.......
#.......#.....##.
#.......##....#
#..##...##....##.
#..##...##....'..
#......).)@...#
..........@..#
..##...##....# ..
######....#
....... ........
#....##.


You could see Edmund.

Vanquished Creatures
  An ogre (D:5)
  A phantom (D:5)
  2 hounds
  4 jellies (Sewer)
  An orc priest (D:3)
  Jessica (D:2)
  Natasha (D:2)
  2 orc wizards
  3 gnolls (D:2)
  6 adders
  A river rat (Sewer)
  A worm (D:3)
  3 dart slugs
  7 orcs (D:3)
  7 ball pythons
  5 bats
  21 endoplasms
  10 giant cockroaches
  8 goblins
  6 hobgoblins
  11 jackals
  A quokka (D:1)
  3 frilled lizards
  8 kobolds
  6 rats
120 creatures vanquished.

Vanquished Creatures (collateral kills)
  An endoplasm (Sewer)
1 creature vanquished.

Grand Total: 121 creatures vanquished

Notes
Turn   | Place    | Note
-------+----------+-------------------------------------------
     0 | D:1      | monsoonserge the Djinni Venom Mage began the quest for the
                  | Orb.
     0 | D:1      | monsoonserge set off with the following spells memorised:
                  | Sting, Poisonous Vapours, Mephitic Cloud, Olgreb's Toxic
                  | Radiance.
     0 | D:1      | Reached XP level 1. HP: 15/15 MP: 0/0
   125 | D:1      | Reached XP level 2. HP: 20/21 MP: 0/0
   856 | D:1      | Reached skill level 3 in Spellcasting
   860 | D:1      | Reached XP level 3. HP: 12/25 MP: 0/0
   860 | D:1      | Learned a level 1 spell: Necrotise
  1466 | D:2      | Reached XP level 4. HP: 30/31 MP: 0/0
  1571 | D:2      | Reached skill level 1 in Armour
  1700 | D:2      | Noticed Jessica
  1706 | D:2      | Killed Jessica
  1707 | D:2      | Reached XP level 5. HP: 26/35 MP: 0/0
  1707 | D:2      | Learned a level 2 spell: Searing Ray
  1866 | D:2      | Noticed Natasha
  1875 | D:2      | Killed Natasha
  1876 | D:2      | Reached skill level 4 in Spellcasting
  2510 | D:3      | Noticed a small abomination
  2560 | D:3      | Found a transporter.
  2568 | D:3      | Found a transporter.
  2568 | D:3      | Noticed a kobold brigand
  2582 | D:3      | Noticed an ancient zyme
  2603 | D:3      | Noticed Irreverend's ghost (amateur DECj)
  3000 | D:3      | Found a burning altar of Makhleb.
  3004 | D:3      | Reached XP level 6. HP: 40/40 MP: 0/0
  3360 | D:4      | Found Peepp's Antique Armour Shop.
  3404 | D:4      | Found a shadowy altar of Dithmenos.
  3442 | D:4      | Found a glowing drain.
  3453 | Sewer    | Entered a sewer
  3563 | Sewer    | Reached skill level 5 in Spellcasting
  3593 | Sewer    | Reached XP level 7. HP: 46/46 MP: 0/0
  3593 | Sewer    | Learned a level 2 spell: Static Discharge
  3645 | Sewer    | Found a viscous altar of Jiyva.
  3784 | D:4      | Found Jenuol's Antique Weapon Boutique.
  3795 | D:4      | Found Ciups's Magic Scroll Shoppe.
  3798 | D:4      | Bought a scroll of teleportation for 36 gold pieces
  3798 | D:4      | Bought a scroll of fear for 48 gold pieces
  4195 | D:4      | Found Loosucu Uhor's Book Shoppe.
  4220 | D:4      | Found Kowneell's Armour Boutique.
  4520 | D:5      | Entered Level 5 of the Dungeon
  4542 | D:5      | Noticed Edmund
  4547 | D:5      | Mangled by Edmund

Illustrated notes

Levels and vault maps discovered:
D:1:      dpeg_arrival_solitude, layout_basic
D:2:      minmay_angry_zag, layout_basic, serial_glass, glass_columns_c,
          glass_columns_a, glass_columns_a, glass_columns_a, uniq_natasha,
          uniq_jessica
D:3:      layout_loops_ring, lightli_temple_of_fire,
          gammafunk_ghost_abyssal_escape, kennysheep_generic_room_4
D:4:      layout_basic, nicolae_overflow_hidden_temple,
          nicolae_dithmenos_shadow_blocks, cheibrodos_sewer_entry_drain,
          serial_shops, nicolae_book_shop_shelving, nicolae_shop_tiny_glass,
          nicolae_shop_overgrown_old_shop, nicolae_shop_behind_doors,
          nicolae_shop_pleasant_corner_grove, hangedman_decor_clover_reticule
D:5:      layout_gridville, serial_glass, glass_columns_c, glass_columns_a,
          glass_columns_a, glass_columns_b, uniq_sigmund, uniq_edmund

Skill      XL: |  1  2  3  4  5  6 |
---------------+-------------------+-----
Spellcasting   | 3 4 5 |  5.7
Stealth        | 2 |  2.0
Armour         | 1 2 |  2.6
Fighting       | |  0.6
Short Blades   | |  0.7
Dodging        | |  2.5

Action                     |  1- 3 |  4- 6 |  7- 9 || total
---------------------------+-------+-------+-------++-------
  Melee: Dagger            |    32 |    32 |     9 ||    73
         Unarmed           |     1 |       |       ||     1
         Punch             |     1 |       |       ||     1
   Cast: Sting             |    36 |    42 |     6 ||    84
         Poisonous Vapours |     7 |    30 |     1 ||    38
         Necrotise         |    12 |    23 |     2 ||    37
         Searing Ray       |       |    23 |     8 ||    31
   Stab: Sleeping          |     4 |     3 |     3 ||    10
 Armour: Robe              |     3 |       |       ||     3
         Leather armour    |    16 |    15 |     3 ||    34
  Dodge: Dodged            |    24 |    48 |    14 ||    86
